 Dungeon Crawl Stone Soup version 0.20.0-6-gd3061e9 (webtiles) character file.

6771 nikopol the Cleaver (level 11, -1/68 HPs)
             Began as a Gargoyle Berserker on May 27, 2017.
             Was a High Priest of Trog.
             Slain by a minotaur
             ... wielding a +4 antimagic war axe
              (9 damage)
             ... in a labyrinth on May 28, 2017.
             The game lasted 00:34:33 (11476 turns).

nikopol the Cleaver (Gargoyle Berserker)           Turns: 11476, Time: 00:34:34

Health: -1/68      AC: 19    Str: 22    XL:     11   Next: 4%
Magic:  0/6        EV: 11    Int:  8    God:    Trog [*****.]
Gold:   504        SH:  0    Dex: 11    Spells: 10/10 levels left

rFire    . . .     SeeInvis .   a - +4 broad axe (antimagic)
rCold    . . .     Gourm    .   (no shield)
rNeg     + . .     Faith    .   y - +0 scale mail
rPois    ∞         Spirit   .   L - +0 helmet
rElec    +         Reflect  .   (no cloak)
rCorr    .         Harm     .   (no gloves)
MR       .....                  J - +1 pair of boots
Stlth    ..........             (no amulet)
Regen    0.3/turn               (no ring)
MPRegen  0.1/turn               H - ring of magical power

@: berserk cooldown, hasted and slowed
A: negative energy resistance 1, electricity resistance, unbreathing,
petrification resistance, rot immunity, AC +7
a: Berserk, Trog's Hand, Brothers in Arms, Burn Spellbooks, Renounce Religion


You were in a labyrinth.
You worshipped Trog.
Trog was extremely pleased with you.
You were not hungry.

You visited 2 branches of the dungeon, and saw 10 of its levels.
You also visited: Labyrinth.

You collected 574 gold pieces.
You spent 70 gold pieces at shops.

Inventory:

Hand Weapons
 a - a +4 antimagic broad axe (weapon)
 b - a +0 war axe
 z - a +1 shortbow of freezing
Missiles
 B - 137 arrows (quivered)
Armour
 e - a +1 hat
 y - a +0 scale mail (worn)
 J - a +1 pair of boots (worn)
 L - a +0 helmet (worn)
Jewellery
 t - an uncursed ring of see invisible
 H - a ring of magical power (right hand)
Wands
 I - a wand of paralysis (24/24)
 P - a wand of flame (22/48)
Scrolls
 d - 4 scrolls of identify
 f - 3 scrolls of blinking
 i - 2 scrolls of enchant weapon
 k - 4 scrolls of teleportation
 n - 3 scrolls of remove curse
 x - 2 scrolls of enchant armour
 S - a scroll of brand weapon
Potions
 j - 3 potions of ambrosia
 o - a potion of might
 p - 2 potions of haste
 v - 3 potions of agility
 C - 4 potions of curing
 F - a potion of flight
 G - 2 potions of cancellation
 M - 2 potions of heal wounds
 O - 2 potions of resistance
 T - 2 potions of magic
Comestibles
 c - 6 bread rations
 s - 10 royal jellies
 u - a meat ration
 w - 9 fruits


   Skills:
 + Level 7.8 Fighting
 + Level 9.7 Axes
 + Level 8.1 Bows
 + Level 7.5 Armour
 + Level 3.8 Dodging
 + Level 1.3 Stealth


You had 10 spell levels left.
You didn't know any spells.

Dungeon Overview and Level Annotations

Branches:
Dungeon (9/15)             Temple (0/1) D:5            Lair (1/6) D:9
    Orc: D:9-12

Altars:
Dithmenos
Fedhas
Gozag
Makhleb
Trog
Vehumet
Yredelemnul

Shops:
D:7 !


Innate Abilities, Weirdness & Mutations

You are resistant to torment.
Your stone body is resilient. (AC +7)
You are immune to poison.
You resist negative energy. (rN+)
You are resistant to electric shocks. (rElec)
You can survive without breathing.
You are immune to petrification.
You are immune to rotting.


Message History

Ouch! That really hurt!
* * * LOW HITPOINT WARNING * * *
The minotaur closely misses you. The minotaur closely misses you.
The minotaur gores you but does no damage.
Your ogre goes berserk!
You feel quite a bit more hungry.
You feel much better. The minotaur blocks your ogre's attack.
The minotaur completely misses you.
The minotaur hits your ogre with an antimagic war axe!
The minotaur gores you but does no damage.
You slash the minotaur!
The minotaur is heavily wounded.
Your ogre hits the minotaur with a giant spiked club!!
The minotaur hits you with an antimagic war axe!!
* * * LOW HITPOINT WARNING * * *
You feel your power leaking away.
The minotaur hits your ogre with an antimagic war axe.
The minotaur gores you!
You die...

... . # # . ##
# # .▓ #### # #
.# ### # ..#. .
.# #. ###.###
## #. .# #≈
.#.#.# .. . ..▓
#≈≈.#.#...### #
#. #
#≈<...'.OH@.#
#. .#
#≈≈.#.#.###.###
# . #≈
#.#.#.#.#.. # .
###.#. .# #. ##
# ..#. .. #.#
#. ### ### #.#
#..... ####. #
#


You could see a minotaur and a friendly ogre (berserk).

Vanquished Creatures
  2 two-headed ogres (D:9)
  Joseph (D:7)
  A troll (D:8)
  A redback (Lab)
  A yak (D:7)
  A human (D:7)
  2 basilisks (Lab)
  3 hogs (D:7)
  A water moccasin (D:9)
  3 porcupines
  An ice beast (D:9)
  4 black bears (D:9)
  A phantom (D:9)
  4 ogres
  4 centaurs
  A crocodile (D:9)
  8 bullfrogs
  3 scorpions (D:9)
  6 killer bees (D:7)
  2 centaur zombies
  2 lava snakes (D:8)
  4 crimson imps
  4 hounds
  A bullfrog zombie (D:9)
  3 orc priests
  A centaur skeleton (D:8)
  5 orc wizards
  4 iguanas
  5 worker ants
  A killer bee zombie (D:9)
  3 hound skeletons
  7 gnolls
  10 adders
  3 oozes
  3 adder zombies
  4 adder skeletons
  A worm (D:6)
  3 dart slugs
  The ghost of Goblin1989 the Sneak, a weakling SpAs (D:6)
  6 leopard geckos
  26 orcs
  8 giant cockroaches
  5 goblins
  7 hobgoblins
  16 jackals
  7 kobolds
  6 quokkas
  7 bats
  7 frilled lizards
  A leopard gecko zombie (D:9)
  A quokka zombie (D:7)
  16 rats
  43 fungi (D:9)
  54 plants (D:9)
325 creatures vanquished.

Vanquished Creatures (others)
  5 fungi (D:9)
  A plant (D:9)
6 creatures vanquished.

Grand Total: 331 creatures vanquished

Notes
Turn   | Place    | Note
-------+----------+-------------------------------------------
     0 | D:1      | nikopol the Gargoyle Berserker began the quest for the Orb.
     0 | D:1      | Reached XP level 1. HP: 14/14 MP: 1/1
     0 | D:1      | Upgraded the game from 0.20.0-4-g10b340a to 0.20.0-6-gd3061e9
    38 | D:1      | Reached XP level 2. HP: 6/19 MP: 2/2
   670 | D:1      | Reached skill level 3 in Axes
   848 | D:1      | Reached XP level 3. HP: 19/24 MP: 3/3
   882 | D:1      | Reached ** piety under Trog
  1279 | D:2      | Reached XP level 4. HP: 27/29 MP: 4/4
  1675 | D:2      | Found a basalt altar of Yredelemnul.
  1679 | D:2      | Found a transporter.
  1680 | D:2      | Noticed a bullfrog
  1689 | D:2      | Found a transporter.
  1726 | D:2      | Found a shadowy altar of Dithmenos.
  1726 | D:2      | Found a radiant altar of Vehumet.
  1815 | D:2      | Reached skill level 4 in Axes
  1818 | D:2      | Found an opulent altar of Gozag.
  2039 | D:2      | Killed a bullfrog
  2039 | D:2      | Reached XP level 5. HP: 33/33 MP: 5/5
  2339 | D:3      | Reached *** piety under Trog
  2640 | D:3      | Reached XP level 6. HP: 32/38 MP: 6/6
  3082 | D:4      | Reached skill level 5 in Axes
  3662 | D:5      | Entered Level 5 of the Dungeon
  3948 | D:5      | Reached XP level 7. HP: 40/43 MP: 7/7
  3985 | D:5      | Found a staircase to the Ecumenical Temple.
  4246 | D:5      | Reached **** piety under Trog
  4298 | D:5      | Reached skill level 6 in Axes
  4795 | D:6      | Noticed a moth of wrath
  4796 | D:6      | Noticed Goblin1989's ghost (weakling SpAs)
  4824 | D:6      | Killed Goblin1989's ghost
  5004 | D:6      | Found a bloodstained altar of Trog.
  5028 | D:6      | Reached skill level 5 in Fighting
  5028 | D:6      | Reached XP level 8. HP: 49/49 MP: 8/8
  5626 | D:6      | Reached skill level 7 in Axes
  5626 | D:6      | Reached skill level 5 in Armour
  5778 | D:7      | Found a burning altar of Makhleb.
  5820 | D:7      | Reached skill level 1 in Bows
  6089 | D:7      | Noticed a yak
  6101 | D:7      | Reached XP level 9. HP: 52/55 MP: 9/9
  6105 | D:7      | Reached skill level 8 in Axes
  6108 | D:7      | Reached ***** piety under Trog
  6318 | D:7      | Found Ryzyphuy's Distillery.
  6335 | D:7      | Bought a potion of heal wounds for 70 gold pieces
  6405 | D:7      | Noticed Joseph
  6638 | D:7      | Killed Joseph
  6802 | D:8      | Found Funtudi's Antique Armour Boutique.
  6902 | D:8      | Noticed a troll
  6920 | D:8      | Killed a troll
  7136 | D:8      | Received a gift from Trog
  7594 | D:8      | Reached XP level 10. HP: 63/63 MP: 10/10
  7656 | D:8      | Reached skill level 5 in Bows
  8065 | D:9      | Noticed a two-headed ogre
  8076 | D:9      | Killed a two-headed ogre
  8076 | D:9      | Reached skill level 9 in Axes
  8191 | D:9      | Reached skill level 1 in Stealth
  8523 | D:9      | Found a staircase to the Lair.
  8707 | D:9      | Found a blossoming altar of Fedhas.
  9231 | D:9      | Noticed a two-headed ogre
  9253 | D:9      | Killed a two-headed ogre
 10237 | Lair:1   | Entered Level 1 of the Lair of Beasts
 10355 | Lair:1   | Found a labyrinth entrance.
 10360 | Lab      | Entered a labyrinth
 10937 | Lab      | Received a gift from Trog
 10937 | Lab      | Reached XP level 11. HP: 55/68 MP: 11/11
 11452 | Lab      | Noticed a minotaur
 11476 | Lab      | Slain by a minotaur

Skill      XL: |  1  2  3  4  5  6  7  8  9 10 |
---------------+-------------------------------+-----
Dodging        | 2 3 |  3.8
Axes           | 3 4 5 6 7 8 9 |  9.7
Fighting       | 4 5 7 |  7.8
Armour         | 3 4 5 6 7 |  7.5
Bows           | 2 4 8 |  8.1
Stealth        | 1 |  1.3

Action                   |  1- 3 |  4- 6 |  7- 9 | 10-12 || total
-------------------------+-------+-------+-------+-------++-------
Melee: Hand axe          |   114 |   199 |       |       ||   313
       War axe           |       |    37 |   279 |   659 ||   975
       Broad axe         |       |       |       |    15 ||    15
 Fire: Shortbow          |       |       |    89 |   120 ||   209
Invok: Berserk           |     1 |     1 |     6 |     3 ||    11
       Brothers in Arms  |       |       |       |     1 ||     1
  Use: Scroll            |       |       |       |    25 ||    25
       Potion            |       |       |       |     2 ||     2
  Eat: Chunk             |     1 |    10 |    18 |     9 ||    38
       Fruit             |       |       |       |     3 ||     3
       Meat ration       |       |       |       |     1 ||     1
Armor: Animal skin       |     9 |       |       |       ||     9
       Ring mail         |    43 |    32 |       |       ||    75
       Scale mail        |       |    88 |   193 |   135 ||   416
Dodge: Dodged            |    64 |   160 |   208 |   114 ||   546
